 Dungeon Crawl Stone Soup version 0.27-a0-1140-g099f9bb0e8 (webtiles) character file.

Game seed: 8719935102833203361

20 DasRunzen the Ducker (level 2, -3/17 (23) HPs)
             Began as a Demonspawn Gladiator on May 10, 2021.
             Slain by a kobold
             ... wielding a +1 whip of electrocution
              (12 damage)
             ... on level 1 of the Dungeon.
             The game lasted 00:00:48 (928 turns).

DasRunzen the Ducker (Demonspawn Gladiator)          Turns: 928, Time: 00:00:48

HP:   -3/17 (23)    AC:  4    Str: 14    XL:     2   Next: 58%
MP:   2/2           EV: 12    Int:  9    God:
Gold: 0             SH:  0    Dex: 14    Spells: 1/1 levels left

rFire    . . .     SeeInvis .   a - +0 long sword
rCold    . . .     Faith    .   (no shield)
rNeg     . . .     Spirit   .   b - +0 leather armour
rPois    .         Reflect  .   c - +0 helmet
rElec    .         Harm     .   (no cloak)
rCorr    .         Rampage  .   (no gloves)
Will     .....                  (no boots)
Stlth    +.........             (no amulet)
HPRegen  0.05/turn              (no ring)
MPRegen  0.08/turn              (no ring)

@: very heavily drained
A: demonic guardian 1
a: no special abilities


You were on level 1 of the Dungeon.
You visited 1 branch of the dungeon, and saw 1 of its levels.

Inventory:

Hand Weapons
 a - a +0 long sword (weapon)
Missiles
 d - 3 throwing nets (quivered)
Armour
 b - a +0 leather armour (worn)
 c - a +0 helmet (worn)
Jewellery
 f - a +6 ring of strength
Scrolls
 e - a scroll of teleportation {unknown}
 g - a scroll of fog {unknown}
Potions
 h - 2 potions of curing {unknown}


   Skills:
 + Level 2.3 Fighting
 + Level 2.9 Long Blades
 - Level 1.7 Throwing
 + Level 0.8 Armour
 + Level 2.9 Dodging


You had one spell level left.
You didn't know any spells.
Your spell library contained the following spells:

 Spells                   Type           Power      Damage    Failure   Level
 Magic Dart               Conj           0%         1d3       45%         1
 Searing Ray              Conj           0%         3d3       58%         2
 Dazzling Flash           Conj/Hex       0%         N/A       83%         3
 Fulminant Prism          Conj/Hex       0%         3d6       99%         4
 Iskenderun's Mystic Bla  Conj/Tloc      0%         2d3       99%         4


Dungeon Overview and Level Annotations

Branches:
Dungeon (1/15)

Altars:


Innate Abilities, Weirdness & Mutations

A weak demonic guardian rushes to your aid.


Message History

You open the door.
There is an open door here.
An endoplasm comes into view.
The helpless endoplasm fails to defend itself.
You slash the endoplasm!
You kill the endoplasm!
No target in view!
You open the door.
There is an open door here.
You see here a +0 short sword.
A rat comes into view.
You slash the rat!
You kill the rat!
No target in view!
There is an open door here.
There is an open door here.
You open the door.
A kobold comes into view. It is wielding a +0 dagger.
The kobold shouts!
A frilled lizard comes into view.
The frilled lizard hisses angrily.
You hear a shout!
The kobold barely misses you.
You riposte.
You barely miss the kobold.
A kobold comes into view.
It is wielding a +1 whip of electrocution.
You hit the kobold but do no damage. The kobold misses you.
You riposte.
You closely miss the kobold. You barely miss the kobold.
The kobold barely misses you.
You closely miss the kobold. The kobold barely misses you.
You barely miss the kobold. The kobold misses you.
The kobold hits you with a +0 dagger.
You barely miss the kobold. The kobold hits you with a +0 dagger.
You slash the kobold!
You kill the kobold!
You closely miss the frilled lizard. The frilled lizard misses you.
You riposte.
You hit the frilled lizard.
You kill the frilled lizard!
You closely miss the kobold.
The kobold hits you with a +1 whip of electrocution.
A demonic guardian appears!
You are electrocuted!
Ouch! That really hurt!
You die...

######## #......#####
# #.##.......# #
#.#........# ######
#.#........# .....#
#.#.##+##### ####.#
#.#5## #.# ♣.♣@.# #.#
♣.♣#K# #.## ♣.♣ .#
####..#######♣.♣ ..
.............♣.♣ ...
.............♣.♣ ....
#.......#####..###...#
#.......'...#...# .###
#.......###.#.#.#


You could see a kobold (ally target) and a friendly shadow imp (summoned).

Vanquished Creatures
  A dart slug (D:1)
  2 endoplasms (D:1)
  2 hobgoblins (D:1)
  A quokka (D:1)
  A ball python (D:1)
  2 bats (D:1)
  A frilled lizard (D:1)
  5 kobolds (D:1)
  5 rats (D:1)
20 creatures vanquished.

Vanquished Creatures (collateral kills)
  A ball python (D:1)
1 creature vanquished.

Vanquished Creatures (others)
  A plant (D:1)
1 creature vanquished.

Grand Total: 22 creatures vanquished

Notes
Turn   | Place    | Note
-------+----------+-------------------------------------------
     0 | D:1      | DasRunzen the Demonspawn Gladiator began the quest for the
                  | Orb.
     0 | D:1      | Reached XP level 1. HP: 16/16 MP: 1/1
   170 | D:1      | Gained mutation: A weak demonic guardian rushes to your
                  | aid. [demonic ancestry]
   170 | D:1      | Reached XP level 2. HP: 7/22 MP: 2/2
   572 | D:1      | Found a faded altar of an unknown god.
   928 | D:1      | Slain by a kobold

Illustrated notes

Levels and vault maps discovered:
D:1:      wander_arrival_chamber, layout_basic,
          hellmonk_ecumenical_altar_run_dry, serial_forest,
          infiniplex_forest_split, infiniplex_forest_zigzag_1,
          infiniplex_forest_clump_double, infiniplex_forest_end_3,
          infiniplex_forest_clump_tiny, infiniplex_forest_clump_long,
          infiniplex_forest_straight_2

Action                   || total
-------------------------++-------
Melee: Long sword        ||    57
 Stab: Sleeping          ||     1
Armor: Leather armour    ||    21
Dodge: Dodged            ||    40
       Rpst.: Long sword ||     8

Table legend: (Time is in decaauts)
 A = Elapsed time spent in this place.
 B = Non-inter-level travel time spent in this place.
 C = Inter-level travel time spent in this place.
 D = Time resting spent in this place.
 E = Time spent auto-exploring this place.
 F = Levels seen in this place.
 G = Mean time per level.
                   A        B        C        D        E       F      G
               +--------+--------+--------+--------+--------+-----+--------+
         Total |    941 |    941 |      0 |    211 |    597 |   1 |  941.0 |
       Dungeon |    941 |    941 |      0 |    211 |    597 |   1 |  941.0 |
               +--------+--------+--------+--------+--------+-----+--------+

Top non-repeatable levels by time:
     D:1: 941 daAuts
